 Dungeon Crawl Stone Soup version 0.27-a0-1529-g1e82c303ef (webtiles) character file.

Game seed: 649725351136512076

593 Morbidden the Skirmisher (level 7, 0/54 HPs)
             Began as a Demonspawn Fighter on July 11, 2021.
             Slain by Pikel (11 damage)
             ... on level 4 of the Dungeon.
             The game lasted 00:05:02 (3966 turns).

Morbidden the Skirmisher (Demonspawn Fighter)       Turns: 3966, Time: 00:05:04

Health: 0/54       AC:  7    Str: 18    XL:     7   Next: 16%
Magic:  8/8        EV: 10    Int: 10    God:
Gold:   109        SH: 14    Dex: 12    Spells: 8/8 levels left

rFire    . . .     SeeInvis .   a - +0 long sword
rCold    . . .     Faith    .   c - +0 kite shield
rNeg     . . .     Spirit   .   b - +0 scale mail
rPois    .         Reflect  +   (no helmet)
rElec    .         Harm     .   (no cloak)
rCorr    .         Rampage  .   (no gloves)
Will     .....                  (no boots)
Stlth    ..........             h - amulet of reflection
HPRegen  0.18/turn              n - +4 ring of slaying
MPRegen  0.22/turn              (no ring)

@: attractive, flying
A: talons 2, repulsion field 1, spiny 1, magic regeneration
a: no special abilities


You were on level 4 of the Dungeon.
You visited 1 branch of the dungeon, and saw 4 of its levels.
You also visited: Sewer.

You collected 109 gold pieces.

Inventory:

Hand Weapons
 a - a +0 long sword (weapon)
 g - a +2 dagger of draining
Missiles
 f - 4 silver javelins (quivered)
 k - a throwing net
 o - 11 poisoned darts
Armour
 b - a +0 scale mail (worn)
 c - a +0 kite shield (worn)
 i - a +0 cloak
Jewellery
 h - an amulet of reflection (around neck)
 n - a +4 ring of slaying (left hand)
Wands
 e - a wand of digging (3)
Scrolls
 l - a scroll of teleportation
 r - 3 scrolls of amnesia
Potions
 d - a potion of might
 j - 3 potions of curing
 m - a potion of attraction
 p - a potion of flight
 q - a potion of lignification {unknown}


   Skills:
 * Level 4.3 Fighting
 * Level 4.2 Long Blades
 + Level 0.1 Throwing
 + Level 3.8 Armour
 * Level 2.0 Dodging
 + Level 0.3 Stealth
 + Level 4.1 Shields
 * Level 1.1 Spellcasting


You had 8 spell levels left.
You didn't know any spells.
Your spell library contained the following spells:

 Spells                   Type           Power      Damage    Failure   Level
 Corpse Rot               Necr/Air       N/A        N/A       100%        2
 Dispel Undead            Necr           0%         3d6       100%        4
 Death Channel            Necr           0%         N/A       100%        6


Dungeon Overview and Level Annotations

Branches:
Dungeon (4/15)              Sewer (visited)
 Temple: D:4-7

Altars:
Makhleb
Uskayaw

Shops:
D:2 ?

Annotations:
D:4 Pikel


Innate Abilities, Weirdness & Mutations

You have razor-sharp toenails.
You are surrounded by a mild repulsion field. (EV +2)
You are partially covered in sharp spines.
You regenerate magic rapidly.


Message History

The lemure is struck by your spines. The lemure hits you.
You barely miss the lemure.
The lemure is lightly wounded.
Pikel the Slaver comes into view.
He is wielding a +1 whip of electrocution and carrying a wand of iceblast (5).
You block the lemure's attack. The lemure is struck by your spines.
The lemure hits you.
Pikel shouts!
You hit the lemure. You claw the lemure.
The lemure is heavily wounded.
You block the lemure's attack.
You slash the lemure! Your kick misses the lemure.
The lemure is severely wounded.
The lemure is struck by your spines. The lemure hits you.
You hit the lemure.
You kill the lemure!
That felt strangely unrewarding.
Pikel zaps a wand.
The mass of ice explodes!
The iceblast engulfs you!
* * * LOW HITPOINT WARNING * * *
A lemure comes into view.
Unknown command.
Unknown command.
Unknown command.
Unknown command.
Unknown command.
You feel better.
Unknown command.
Unknown command.
Unknown command.
It was a potion of attraction.
You feel attractive to monsters. The lemure is pulled toward you!
Unknown command.
Unknown command.
It was a potion of flight.
You feel very buoyant.
You fly up into the air.
Pikel hits you with a +1 whip of electrocution.
* * * LOW HITPOINT WARNING * * *
You are electrocuted!
You die...

#....##.# ###. .
####.##.#####.#
#....>.†.....# #
#.....######## #. #
#..>..#
#..#.##.###.....###
..................##
#.._..####..####...##.
..............@K5.....
#.......#############.
###.##### #


You could see Pikel and a lemure.

Vanquished Creatures
  Sigmund (D:4)
  A sky beast (D:4)
  An ogre (D:4)
  3 lemures (D:4)
  A kobold brigand (Sewer)
  A centaur skeleton (D:4)
  4 gnolls (D:2)
  5 adders
  2 worms
  A dart slug (D:1)
  3 orcs (D:3)
  7 bats
  3 endoplasms
  7 goblins
  6 hobgoblins
  16 jackals
  11 kobolds
  5 ball pythons
  3 frilled lizards
  10 rats
91 creatures vanquished.

Notes
Turn   | Place    | Note
-------+----------+-------------------------------------------
     0 | D:1      | Morbidden the Demonspawn Fighter began the quest for the
                  | Orb.
     0 | D:1      | Reached XP level 1. HP: 18/18 MP: 1/1
   622 | D:1      | Gained mutation: You have sharp toenails. [demonic
                  | ancestry]
   622 | D:1      | Reached XP level 2. HP: 24/24 MP: 2/2
   898 | D:1      | Reached XP level 3. HP: 18/29 MP: 3/3
  1591 | D:2      | Found a faded altar of an unknown god.
  1642 | D:2      | Gained mutation: You are surrounded by a mild repulsion
                  | field. (EV +2) [demonic ancestry]
  1642 | D:2      | Reached XP level 4. HP: 19/35 MP: 4/4
  2266 | D:2      | Found Baled's Magic Scroll Emporium.
  2618 | D:3      | Reached skill level 1 in Dodging
  2754 | D:3      | Found a glowing drain.
  2765 | Sewer    | Entered a sewer
  2982 | Sewer    | Noticed a kobold brigand
  2986 | Sewer    | Gained mutation: You are partially covered in sharp spines.
                  | [demonic ancestry]
  2986 | Sewer    | Reached XP level 5. HP: 36/41 MP: 5/5
  3589 | D:4      | Gained mutation: You have razor-sharp toenails. [demonic
                  | ancestry]
  3589 | D:4      | Reached XP level 6. HP: 45/48 MP: 6/6
  3765 | D:4      | Noticed a +0 falchion
  3765 | D:4      | Noticed a +0 falchion
  3766 | D:4      | Noticed a +0 spear
  3766 | D:4      | Noticed a +0 short sword
  3766 | D:4      | Noticed a +0 short sword
  3768 | D:4      | Noticed a +0 spear
  3769 | D:4      | Noticed a +0 dagger
  3769 | D:4      | Noticed a +0 dagger
  3776 | D:4      | Found a hide-covered altar of Uskayaw.
  3872 | D:4      | Noticed Sigmund
  3880 | D:4      | Killed Sigmund
  3921 | D:4      | Noticed a sky beast
  3926 | D:4      | Killed a sky beast
  3927 | D:4      | Reached skill level 1 in Spellcasting
  3927 | D:4      | Gained mutation: You regenerate magic rapidly. [demonic
                  | ancestry]
  3927 | D:4      | Reached XP level 7. HP: 54/54 MP: 8/8
  3934 | D:4      | Found a burning altar of Makhleb.
  3960 | D:4      | Noticed Pikel
  3966 | D:4      | Slain by Pikel

Illustrated notes

Levels and vault maps discovered:
D:1:      nagdon_arrival_double_spiral, layout_rooms, hex_tiny
D:2:      layout_loops_cross, dreamdust_ecumenical_altar_statues, serial_shops,
          shop, minivault_5, grunt_ministairs_13
D:3:      layout_loops_ring, cheibrodos_sewer_entry_sluice
D:4:      layout_loops_cross, mainiacjoe_overflow_boulevard,
          nicolae_uskayaw_en_pointe, serial_glass, glass_columns_a,
          glass_columns_c, minmay_strange_pillars, uniq_sigmund, uniq_pikel

Skill      XL: |  1  2  3  4  5  6 |
---------------+-------------------+-----
Armour         | 3 |  3.8
Long Blades    | 2 3 4 |  4.2
Shields        | 3 4 |  4.1
Dodging        | 1 2 |  2.0
Fighting       | 4 |  4.3
Spellcasting   | 1 |  1.1
Throwing       | |  0.1
Stealth        | |  0.3

Action                   |  1- 3 |  4- 6 |  7- 9 || total
-------------------------+-------+-------+-------++-------
Melee: Long sword        |   109 |   106 |    19 ||   234
       Kick              |    19 |    27 |     6 ||    52
Throw: Javelin           |     4 |       |       ||     4
  Use: Scroll            |       |     5 |       ||     5
       Potion            |       |       |     3 ||     3
Armor: Scale mail        |    60 |    25 |     4 ||    89
Dodge: Dodged            |    46 |    25 |     2 ||    73
Block: Kite shield       |   117 |   105 |    12 ||   234
       Reflection        |     2 |     3 |       ||     5
       Rpst.: Long sword |    15 |     5 |       ||    20

Table legend: (Time is in decaauts)
 A = Elapsed time spent in this place.
 B = Non-inter-level travel time spent in this place.
 C = Inter-level travel time spent in this place.
 D = Time resting spent in this place.
 E = Time spent auto-exploring this place.
 F = Levels seen in this place.
 G = Mean time per level.
                   A        B        C        D        E       F      G
               +--------+--------+--------+--------+--------+-----+--------+
         Total |   4118 |   4055 |     63 |    503 |   2574 |   5 |  823.6 |
       Dungeon |   3723 |   3660 |     63 |    503 |   2251 |   4 |  930.8 |
         Sewer |    394 |    394 |      0 |      0 |    322 |   1 |  394.0 |
               +--------+--------+--------+--------+--------+-----+--------+

Top non-repeatable levels by time:
     D:1: 1556 daAuts
     D:3: 891 daAuts
     D:2: 869 daAuts
     D:4: 406 daAuts
   Sewer: 394 daAuts
